Map: Winter's Gate LE

Players

Flameball

  • Race: Terran Terran
  • Spawn Location: 5:00

Descending - Winner!

  • Race: Zerg Zerg
  • League: Diamond
  • Spawn Location: 11:00

VOD

Have the link to the VOD?

Description

Time

  • Played on: Aug. 21, 2019, 7:16 p.m.
  • Length: 10:46
Show
View Real Time Build Order
Export as new Build Order

Flameball Terran 

Build Orders: 2 Factory 

Get SALT Encoding   

  12  0:01  SCV  
  14  0:14  SCV  
  14  0:17  Supply Depot  
  14  0:26  SCV  
  15  0:38  SCV  
  15  0:41  Barracks  
  16  0:52  SCV  
  17  1:04  SCV  
  18  1:16  SCV  
  19  1:29  Orbital Command  
  19  1:34  Marine  
  19  1:37  Command Center  
  20  1:49  Supply Depot  
  20  1:52  Marine  
  21  2:00  SCV  
  22  2:07  Refinery  
  22  2:08  Refinery  
  22  2:10  Marine  
  22  2:12  SCV  
  24  2:29  SCV  
  25  2:32  Bunker  
  25  2:35  Marine  
  26  2:41  SCV  
  27  2:49  Command Center  
  27  2:51  Orbital Command  
  27  2:55  SCV  
  28  3:03  Factory  
  28  3:11  Barracks Reactor  
  28  3:15  SCV  
  28  3:18  SCV  
  30  3:28  SCV, Factory  
  30  3:30  SCV  
  33  3:41  SCV  
  33  3:42  SCV, Supply Depot  
  34  3:56  SCV x2  
  34  3:58  Barracks Tech Lab  
  34  4:02  Hellion  
  38  4:06  Orbital Command  
  38  4:08  SCV x2  
  40  4:19  Starport  
  40  4:20  SCV  
  40  4:23  Hellion  
  40  4:24  SCV, Hellion  
  46  4:27  Barracks Tech Lab  
  46  4:28  Siege Tank  
  50  4:38  SCV x3  
  52  4:47  Supply Depot  
  52  4:50  SCV x3  
  52  4:51  Hellion x2  
  52  4:52  Supply Depot  
  59  4:57  Refinery  
  62  5:12  SCV x3, Hellion x2  
  69  5:18  Banshee  
  72  5:24  SCV x2  
  61  5:37  SCV x2  
  50  5:49  SCV x2  
  42  5:57  Widow Mine x2  
  42  6:01  SCV x2  
  25  6:13  SCV x2  
  1  7:26  Orbital Command  
  1  7:54  Orbital Command  
  1  8:03  Factory Reactor  
  1  8:15  Command Center  
    8:30  SCV  
  1  8:42  SCV  
  1  8:43  Hellion x2  
  6  8:54  SCV  
  7  9:04  Hellion, Barracks Tech Lab  
  7  9:05  Hellion  
  7  9:07  SCV  
  9  9:26  Hellion x2  
  12  9:47  Widow Mine  
Show
View Real Time Build Order
Export as new Build Order

Descending Zerg - Winner!

Build Orders: Hatch First, Roach Nydus 

Get SALT Encoding   

  12  0:01  Drone  
  13  0:13  Overlord  
  13  0:17  Drone  
  14  0:31  Drone x2  
  16  0:49  Hatchery  
  15  0:53  Drone  
  16  0:59  Drone  
  16  1:01  Drone  
  18  1:13  Extractor  
  18  1:16  Spawning Pool  
  16  1:20  Drone  
  16  1:22  Drone  
  18  1:29  Drone  
  19  1:39  Drone  
  20  1:51  Overlord  
  20  2:01  Drone x2  
  20  2:03  Queen x2  
  26  2:12  Drone  
  27  2:16  Drone  
  28  2:26  Drone x2  
  30  2:33  Overlord  
  30  2:41  Drone  
  30  2:42  Queen  
  33  2:45  Lair  
  33  2:50  Zergling x2  
  33  2:51  Zergling x2  
  35  2:55  Roach Warren  
  35  2:57  Drone  
  35  3:00  Drone  
  36  3:06  Overlord  
  36  3:07  Drone  
  37  3:12  Extractor  
  37  3:14  Extractor  
  35  3:20  Queen  
  35  3:21  Drone  
  35  3:22  Drone x2  
  35  3:24  Drone  
  35  3:26  Drone  
  42  3:29  Drone  
  43  3:36  Overlord  
  43  3:37  Overlord  
  43  3:45  Drone  
  43  3:46  Roach  
  46  3:56  Nydus Network  
  47  4:03  Roach x3  
  47  4:04  Roach  
  47  4:08  Roach  
  55  4:15  Overseer  
  55  4:17  Roach  
  55  4:18  Roach  
  55  4:19  Roach  
  55  4:24  Overlord  
  61  4:28  Overlord  
  61  4:40  Roach x3  
  67  4:55  Nydus Canal  
  67  5:03  Roach x2  
  67  5:04  Roach x5  
  81  5:15  Roach  
  73  5:49  Roach x3  
  79  5:50  Roach x3  
  67  6:05  Roach  
  67  6:06  Roach  
  67  6:29  Roach x4  
  69  6:52  Roach x4  
  77  7:18  Spire  
  77  7:19  Roach  
  77  7:20  Roach x3  
  84  7:26  Overseer  
  84  7:28  Pneumatized Carapace  
  84  7:57  Overlord x3  
  84  8:33  Mutalisk  
  86  8:34  Mutalisk x5  
  96  8:52  Mutalisk x2  
  100  9:12  Mutalisk x4  
  108  9:33  Overlord x2  
  108  9:51  Queen  
  110  10:04  Roach  
  110  10:05  Roach x5  
  112  10:15  Hatchery  
Tags
 
Add a new tag
Caveats
  • Supply blocks, unpowered buildings, or Contaminate may cause inaccurate times.
  • Supply counts are checked every 10 seconds.